 Dungeon Crawl Stone Soup version 0.27.1 (webtiles) character file.

Game seed: 8668786972578195348

288 mainiacjoe the Magician (level 6, -4/40 HPs)
             Began as a Djinni Fire Elementalist on Sept 4, 2021.
             Was an Initiate of Makhleb.
             Slain by a lemure (5 damage)
             ... led by Pikel
             ... on level 3 of the Dungeon.
             The game lasted 00:10:16 (4694 turns).

mainiacjoe the Magician (Djinni Fire Elementalist)  Turns: 4694, Time: 00:10:17

Health: -4/40      AC:  3    Str:  7    XL:     6   Next: 57%
Gold:   169        EV: 13    Int: 18    God:    Makhleb [......] SH:  0 Dex: 14

rFire    + + .     SeeInvis .   b - +0 hunting sling
rCold    x . .     Faith    .   (no shield)
rNeg     . . .     Spirit   .   g - +0 robe
rPois    ∞         Reflect  .   (no helmet)
rElec    .         Harm     .   (no cloak)
rCorr    .         Rampage  .   d - +0 pair of gloves
Will     .....                  (boots unavailable)
Stlth    ++........             (no amulet)
HPRegen  0.13/turn              (no ring)
MPRegen  0.00/turn              (no ring)

@: flying, very slightly contaminated
A: sickness immunity, fire resistance 2, cold vulnerability 1, float, innate
caster, hp casting, extra vitality 1
a: Renounce Religion


You were on level 3 of the Dungeon.
You worshipped Makhleb.
Makhleb was noncommittal.
You visited 2 branches of the dungeon, and saw 5 of its levels.

You collected 169 gold pieces.

Inventory:

Hand Weapons
 a - a +0 hand axe
 b - a +0 hunting sling (weapon)
 u - a +0 spear
Missiles
 f - 30 arrows
 h - 27 bolts
 n - 41 stones (quivered ammo)
 o - 12 sling bullets
 p - 23 poisoned darts
Armour
 c - a +0 leather armour
 d - a +0 pair of gloves (worn)
 e - a +0 ring mail
 g - a +0 robe (worn)
Scrolls
 i - a scroll of teleportation {unknown}
 m - a scroll of magic mapping {unknown}
 r - a scroll of enchant weapon {unknown}
 s - a scroll of fear {unknown}
 t - a scroll of identify {unknown}
 w - a scroll of immolation
Potions
 j - 2 potions of attraction {unknown}
 k - a potion of resistance {unknown}
 l - 3 potions of curing {unknown}
 q - a potion of cancellation {unknown}
 v - a potion of mutation {unknown}


   Skills:
 - Level 3.9 Dodging
 - Level 3.1 Stealth
 + Level 4.1 Spellcasting
 + Level 0.0 Invocations


You couldn't memorise any spells.
You knew the following spells:

 Your Spells              Type           Power      Damage    Failure   Level
a - Foxfire               Conj/Fire      72%        2x1d7     2%          1
b - Conjure Flame         Conj/Fire      18%        6-21      8%          3
c - Inner Flame           Hex/Fire       18%        N/A       8%          3
d - Sticky Flame          Conj/Fire      18%        2d4       26%         4
e - Fireball              Conj/Fire      9%         3d6       58%         5
f - Corona                Hex            20%        N/A       2%          1
g - Blink                 Tloc           N/A        N/A       4%          2
Your spell library was empty.

Dungeon Overview and Level Annotations

Branches:
Dungeon (4/15)             Temple (1/1) D:4

Altars:
Ashenzari
Dithmenos
Elyvilon
Fedhas
Gozag
Hepliaklqana
Kikubaaqudgha
Makhleb
Ru
Trog
Uskayaw
Vehumet
Wu Jian
Xom
Zin

Annotations:
D:4 Pikel, Robin


Innate Abilities, Weirdness & Mutations

You are immune to sickness and miasma.
You are immune to poison.
Your flesh is very heat resistant. (rF++)
You are vulnerable to cold. (rC-)
You float through the air rather than walking.
You learn spells naturally, not from books.
Your magical power is your life essence.
You have superior vitality. (+4 HP)


Message History

Confirm with . or Enter, or press ? or * to list all spells.
You conjure some foxfire!
The lemure barely misses you.
The foxfire hits the lemure.
The lemure is heavily wounded.
The foxfire hits the lemure but does no damage.
The lemure is heavily wounded.
Casting: Foxfire (safe; 2% risk of failure)
Confirm with . or Enter, or press ? or * to list all spells.
You conjure some foxfire!
The lemure hits you.
* * * LOW HITPOINT WARNING * * *
The foxfire hits the lemure.
The lemure is severely wounded.
The foxfire hits the lemure.
The lemure is severely wounded.
The lemure hits you.
* * * LOW HITPOINT WARNING * * *
Casting: Foxfire (safe; 2% risk of failure)
Confirm with . or Enter, or press ? or * to list all spells.
You conjure some foxfire!
* * * LOW HITPOINT WARNING * * *
The lemure barely misses you.
The foxfire hits the lemure.
The lemure is almost dead.
The foxfire hits the lemure.
The lemure is almost dead.
Casting: Foxfire (safe; 2% risk of failure)
Confirm with . or Enter, or press ? or * to list all spells.
You conjure some foxfire!
* * * LOW HITPOINT WARNING * * *
The lemure hits you.
* * * LOW HITPOINT WARNING * * *
Your foxfire dissipates!
Casting: Foxfire (safe; 2% risk of failure)
Confirm with . or Enter, or press ? or * to list all spells.
You miscast Foxfire.
You are very lightly contaminated with residual magic.
Nothing appears to happen.
* * * LOW HITPOINT WARNING * * *
The lemure hits you.
You die...

### #.############
#>..##.......#
#.#.##.#..##.# ###
#.#.##.#...#.# #..
#.#.##.#.#.#.# #..
#.#.#........##### #..
#.#.#............# #..
#.#.##.#.@....##.#######..
#.#.#..#.5.............'..
#.#.#..#.####.>....#####..
#.#....#.####..#.....# #..
#.######.#.....###.#.# #..
#........#.##.####.#.# ###
########...........#.# #
#......#.###....# #
#.##.###.# #.#..# #


You could see a lemure.

Vanquished Creatures
  A necrophage (D:4)
  A lemure (Temple)
  A scorpion (D:4)
  Jessica (D:2)
  4 gnolls
  An adder (D:2)
  An ufetubus (D:4)
  A worm (D:2)
  3 dart slugs
  6 endoplasms
  4 giant cockroaches
  8 hobgoblins
  2 jackals (D:1)
  2 quokkas (D:2)
  8 ball pythons
  4 bats
  4 frilled lizards
  8 goblins
  5 kobolds
  5 rats
70 creatures vanquished.

Vanquished Creatures (collateral kills)
  5 foxfires (D:3)
5 creatures vanquished.

Vanquished Creatures (others)
  A kobold (D:2)
  148 foxfires
  8 plants (D:3)
157 creatures vanquished.

Grand Total: 232 creatures vanquished

Notes
Turn   | Place    | Note
-------+----------+-------------------------------------------
     0 | D:1      | mainiacjoe the Djinni Fire Elementalist began the quest for
                  | the Orb.
     0 | D:1      | Reached XP level 1. HP: 15/15 MP: 0/0
   191 | D:1      | Reached XP level 2. HP: 11/21 MP: 0/0
   980 | D:1      | Reached XP level 3. HP: 22/25 MP: 0/0
   980 | D:1      | Learned a level 1 spell: Corona
  1466 | D:2      | Reached skill level 3 in Spellcasting
  1479 | D:2      | Reached XP level 4. HP: 19/31 MP: 0/0
  1961 | D:2      | Noticed Jessica
  1967 | D:2      | Killed Jessica
  2322 | D:2      | Reached XP level 5. HP: 32/35 MP: 0/0
  2322 | D:2      | Learned a level 2 spell: Blink
  3129 | D:3      | Found a shimmering altar of Xom.
  3451 | D:3      | Found an opulent altar of Gozag.
  3982 | D:4      | Noticed a necrophage
  3993 | D:4      | Killed a necrophage
  3994 | D:4      | Reached XP level 6. HP: 31/40 MP: 0/0
  4086 | D:4      | Reached skill level 4 in Spellcasting
  4301 | D:4      | Noticed Robin
  4390 | D:4      | Found a staircase to the Ecumenical Temple.
  4394 | D:4      | Noticed Pikel
  4397 | Temple   | Entered the Ecumenical Temple
  4631 | Temple   | Became a worshipper of Makhleb the Destroyer
  4690 | D:3      | HP: 2/40 [lemure[Pikel] (4)]
  4694 | D:3      | Slain by a lemure

Illustrated notes

Levels and vault maps discovered:
D:1:      arrival_zaba_pyramid, layout_basic
D:2:      layout_loops_ring, wad_floor_pattern_untrapped, lemuel_flame_loot_1,
          uniq_jessica
D:3:      layout_basic, mainiacjoe_overflow_boulevard,
          nicolae_gozag_cash_rules_everything_around_me, serial_bayou_lagoon_a,
          minmay_strange_pillars, minmay_diced_spiral
D:4:      layout_rooms, minmay_temple_entry_wispy, nicolae_shop_firing_range,
          uniq_menkaure, uniq_pikel, uniq_robin
Temple:   cyrus_circular_temple

Skill      XL: |  1  2  3  4  5  6 |
---------------+-------------------+-----
Stealth        | 2 3 |  3.1
Spellcasting   | 3 4 |  4.1
Dodging        | 3 |  3.9

Action                   |  1- 3 |  4- 6 || total
-------------------------+-------+-------++-------
Melee: Unarmed           |     5 |       ||     5
       Whip              |     1 |       ||     1
       Spear             |       |     4 ||     4
       Hand axe          |       |    14 ||    14
 Fire: Hunting sling     |    12 |   102 ||   114
 Cast: Foxfire           |    41 |    55 ||    96
       Inner Flame       |     3 |     2 ||     5
       Blink             |       |     4 ||     4
  Use: Scroll            |       |     1 ||     1
 Stab: Sleeping          |     1 |       ||     1
Armor: Robe              |     2 |    21 ||    23
       Leather armour    |     1 |       ||     1
       Ring mail         |     6 |       ||     6
Dodge: Dodged            |    13 |    81 ||    94
